AoeStats
← [Massa] Edo

Socotra

505276526Analyzed
2v2 RM · 23d ago on Sep 8, 2026· 51m 52s· 4 players
Game mode
Random Map
Map size
Tiny (2 player)
Population
200
Speed
Normal
Resources
Standard
Victory
Conquest
Starting age
Dark Age
Ending age
Imperial Age
RankedLock teamsTeams togetherTeam positionsShared explorationLock speedFull tech treeHidden civsTurbo modeCheats
Victory
Defeat
🇩🇪 Teutons · Germany
1413
+19
🇧🇷 Koreans · Brazil
1361
+21
🇧🇷 Goths · Brazil
1493
-21
🇧🇷 Italians · Brazil
1454
-19
faensi
8:44 Feudal Age
9:41 Double-Bit Axe
11:10 Loom
16:02 Town Watch
23:10 Castle Age
21:23 Stone Mining
21:20 Horse Collar
23:07 Forging
25:51 Gold Mining
26:13 Bow Saw
28:45 Squires
28:51 Scale Mail Armor
34:10 Bloodlines
34:56 Scale Barding Armor
38:03 Wheelbarrow
38:57 Chain Barding Armor
39:30 Hand Cart
45:23 Imperial Age
45:43 Cavalier
47:03 Plate Barding Armor
47:04 Iron Casting
47:46 Paladin
49:02 Chain Mail Armor
51:18 Conscription
Guido
6:18 Loom
9:50 Feudal Age
10:24 Double-Bit Axe
12:51 Fletching
21:44 Castle Age
19:59 Gold Mining
19:53 Horse Collar
22:01 Town Watch
21:48 Crossbowman
22:25 Bodkin Arrow
24:13 Bow Saw
26:05 Ballistics
37:46 Imperial Age
35:53 Wheelbarrow
37:22 Gold Shaft Mining
37:53 Arbalester
38:36 Bracer
40:35 Conscription
42:08 Hand Cart
43:34 Siege Engineers
43:45 Thumb Ring
[Massa] Edo
0:28 Loom
8:49 Feudal Age
9:30 Double-Bit Axe
10:38 Man-at-Arms
14:40 Horse Collar
18:55 Wheelbarrow
22:12 Castle Age
21:10 Fletching
21:46 Gold Mining
21:58 Scale Mail Armor
23:11 Bow Saw
25:19 Bodkin Arrow
28:36 Town Watch
31:36 Imperial Age
31:36 Ballistics
32:11 Forging
34:19 Squires
37:44 Chain Mail Armor
37:32 Bracer
41:33 Pikeman
tg
8:21 Loom
11:38 Feudal Age
12:11 Double-Bit Axe
14:31 Fletching
20:12 Castle Age
18:24 Horse Collar
19:22 Padded Archer Armor
19:14 Gold Mining
20:16 Crossbowman
20:52 Bodkin Arrow
22:19 Bow Saw
24:08 Ballistics
24:17 Leather Archer Armor
26:39 Heavy Plow
28:04 Thumb Ring
32:20 Wheelbarrow
36:49 Imperial Age
34:12 Town Watch
35:14 Stone Mining
37:11 Stone Shaft Mining
37:31 Bracer
37:05 Arbalester
39:41 Chemistry
40:56 Ring Archer Armor
42:40 Two-Man Saw
41:56 Hand Cart
43:46 Guilds
45:28 Elite Skirmisher
Connection lost

Rejoining the realm…

Still unreachable

The connection could not be restored.

Session expired

The server has moved on; the page needs a fresh start.